 Dungeon Crawl Stone Soup version 0.31-a0-845-g9abc20d24f (webtiles) character file.

Game seed: 10678644560967454388

2743 Ijustatesigmund the Thaumaturge (level 9, -11/49 HPs)
             Began as a Deep Elf Fire Elementalist on Oct 3, 2023.
             Was an Initiate of Vehumet.
             Shot with a bolt by an orc warrior (16 damage)
             ... in a bailey.
             The game lasted 00:16:40 (8539 turns).

Ijustatesigmund the Thaumaturge (DEFE)              Turns: 8539, Time: 00:16:41

Health: -11/49     AC:  3    Str:  5    XL:     9   Next: 41%
Magic:  21/23      EV: 13    Int: 31    God:    Vehumet [......]
Gold:   157        SH:  0    Dex: 21    Spells: 18/25 levels left

rFire   . . .        b - +0 orcbow
rCold   . . .        (shield currently unavailable)
rNeg    . . .        a - +0 robe
rPois   .            (no helmet)
rElec   .            (no cloak)
rCorr   .            h - +0 pair of gloves
SInv    .            (no boots)
Will    .....        (no amulet)
Stlth   ++           q - +6 ring of intelligence
HPRegen 0.28/turn    k - +6 ring of dexterity
MPRegen 0.18/turn

%: no passive effects
@: no status effects
A: no striking features
a: Renounce Religion


You were in a bailey.
You worshipped Vehumet.
Vehumet was noncommittal.
You visited 2 branches of the dungeon, and saw 8 of its levels.
You also visited: Bailey.

You collected 217 gold pieces.
You spent 60 gold pieces at shops.

Inventory:

Hand Weapons
 b - a +0 orcbow (weapon)
 c - a +0 sling
 g - a +2 vampiric short sword
 s - a +0 spear of venom
Missiles
 u - a throwing net
Armour
 a - a +0 robe (worn)
 h - a +0 pair of gloves (worn)
 l - a +0 buckler
Jewellery
 e - a ring of ice
 k - a +6 ring of dexterity (right hand)
 o - a ring of resist corrosion
 q - a +6 ring of intelligence (left hand)
 y - a ring of poison resistance
 z - a +6 ring of dexterity
Scrolls
 m - 2 scrolls of teleportation
 r - a scroll of immolation
 t - a scroll of amnesia {unknown}
 x - a scroll of enchant weapon {unknown}
Potions
 d - a potion of curing
 f - a potion of brilliance
 i - a potion of enlightenment
 p - a potion of might
 v - 2 potions of ambrosia {unknown}
 w - a potion of haste {unknown}
Miscellaneous
 n - a phantom mirror (inert)


   Skills:
 + Level 2.5 Fighting
 + Level 6.8 Ranged Weapons
 - Level 2.4 Dodging
 - Level 2.4 Stealth
 + Level 8.7 Spellcasting
 + Level 6.9 Conjurations
 + Level 7.6 Fire Magic
 + Level 3.0 Evocations


You had 18 spell levels left.
You knew the following spells:

 Your Spells              Type           Power      Damage    Failure   Level
a - Foxfire               Conj/Fire      100%       2x1d9     1%          1
b - Scorch                Fire           100%       2d9       1%          2
c - Flame Wave            Conj/Fire      56%        2d13      1%          4

Your spell library contained the following spells:

 Spells                   Type           Power      Damage    Failure   Level
 Magic Dart               Conj           100%       1d8       1%          1
 Inner Flame              Hex/Fire       37%        N/A       2%          3
 Volatile Blastmotes      Fire/Tloc      74%        2d16      2%          3
 Slow                     Hex            52%        N/A       3%          1
 Mephitic Cloud           Conj/Pois/Air  27%        N/A       4%          3
 Call Imp                 Summ           26%        N/A       5%          2
 Confusing Touch          Hex            13%        N/A       11%         3
 Sigil of Binding         Hex            13%        N/A       11%         3
 Vampiric Draining        Necr           13%        2d6       11%         3


Dungeon Overview and Level Annotations

Branches:
Dungeon (7/15)             Temple (1/1) D:5          Bailey (1/1)

Altars:
Ashenzari
Cheibriados
Dithmenos
Elyvilon
Fedhas
Gozag
Hepliaklqana
Kikubaaqudgha
Makhleb
Nemelex Xobeh
Okawaru
Qazlal
Ru
Trog
Uskayaw
Vehumet
Xom
Yredelemnul
Zin
The Shining One

Shops:
D:1 :   D:2 *   D:5 (

Annotations:
D:5 4 runed translucent doors


Message History

You kill the orc!
Vehumet accepts your kill.
You hear a splash. x2
The orc warrior shoots a bolt.
The bolt hits you!
You hear a shout!
The orc warrior shoots a bolt.
The bolt hits you!
* * * LOW HITPOINT WARNING * * *
You feel better.
The foxfire hits the orc warrior.
The orc warrior is moderately wounded.
The orc warrior is engulfed in a cloud of scalding steam.
The orc warrior shoots a bolt.
The bolt hits you!
* * * LOW HITPOINT WARNING * * *
An orc warrior comes into view. It is wielding a +0 arbalest.
Okay, then.
Okay, then.
Aiming: Phantom Mirror
Press: ? - help, Dir - move target, f/p - orc warrior
Aim: an orc warrior, wielding a +0 arbalest and wearing a +0 ring mail (steam, heavily wounded)
You reflect the orc warrior with the mirror!
The mirror clouds!
Your foxfire dissipates!
The orc warrior shoots a bolt.
The bolt hits your orc warrior!!
Your orc warrior dies!
Your orc warrior's corpse shimmers and vanishes!
You feel better.
The orc warrior shoots a bolt.
The bolt closely misses you.
The orc warrior is engulfed in a cloud of scalding steam.
The orc warrior shoots a bolt.
The bolt misses you.
An orc warrior comes into view. It is wielding a +0 arbalest.
Casting: Foxfire (safe; 1% risk of failure)
Confirm with . or Enter, or press ? or * to list all spells.
You conjure some foxfire!
The orc warrior is engulfed in a cloud of scalding steam.
The orc warrior shoots a bolt.
The bolt hits you!
* * * LOW HITPOINT WARNING * * *
The orc warrior is engulfed in a cloud of scalding steam.
You kill the orc warrior!
Vehumet accepts your kill.
You hear a splash. x2
The orc warrior shoots a bolt.
The bolt hits you!
You die...

~~)~~.. ≈≈~~~#
#~~~~≈≈≈)≈≈~..
#≈§~~~#######~~~~≈##.#≈≈..
o#≈o§~~~~~~~~~~~~~≈#∩.##≈..
..~)~~~~~~~~~~~~~~~....#≈..
##≈o~~~vv§~~~~~~~~≈##.##≈..
#≈≈~~~~~~~§~~~~~~~≈≈###≈≈..
≈≈~~~~~~~~~§~~~~~~~≈≈≈≈≈~..
..........@§...............
...........................
...........................
...........................
###########################


You could see 2 orc warriors.

Vanquished Creatures
  Prince Ribbit (D:5)
  Eustachio (D:5)
  A water moccasin (D:6)
  3 orc warriors
  3 black bears
  2 ogres
  A centaur (D:5)
  A phantom (D:5)
  A bullfrog (D:5)
  A scorpion (D:5)
  4 wights
  4 killer bees
  2 howler monkeys (D:7)
  2 orc priests
  2 gnoll boudas
  6 hounds
  2 jellies
  5 iguanas
  A sleepcap (D:5)
  2 orc wizards (D:5)
  6 adders
  12 gnolls
  2 ufetubi
  A worm (D:2)
  2 dart slugs (D:1)
  26 orcs
  2 ball pythons
  5 endoplasms
  A giant cockroach (D:2)
  7 goblins
  8 hobgoblins
  4 jackals (D:1)
  4 quokkas
  5 bats
  2 frilled lizards
  5 kobolds
  7 rats
  A spectral hobgoblin (D:5)
145 creatures vanquished.

Vanquished Creatures (others)
  82 foxfires
82 creatures vanquished.

Grand Total: 227 creatures vanquished

Notes
Turn   | Place    | Note
-------+----------+-------------------------------------------
     0 | D:1      | Ijustatesigmund the Deep Elf Fire Elementalist began the
                  | quest for the Orb.
     0 | D:1      | Reached XP level 1. HP: 10/10 MP: 6/6
   113 | D:1      | Found a faded altar of an unknown god.
   124 | D:1      | Reached XP level 2. HP: 11/16 MP: 2/8
   309 | D:1      | Learned a level 2 spell: Scorch
   675 | D:1      | Found Biypem's Book Shoppe.
  1162 | D:2      | Reached XP level 3. HP: 20/20 MP: 7/10
  1203 | D:2      | Reached skill level 1 in Fighting
  1674 | D:2      | Reached skill level 1 in Ranged Weapons
  1722 | D:2      | Found Vokleith's Assorted Antiques.
  1731 | D:2      | Bought an amethyst potion for 28 gold pieces
  1731 | D:2      | Bought a scroll labelled ATSUUCWA CESM for 32 gold pieces
  1737 | D:2      | Reached XP level 4. HP: 25/25 MP: 8/11
  1846 | D:2      | Reached skill level 4 in Spellcasting
  2203 | D:2      | Learned a level 4 spell: Flame Wave
  2669 | D:3      | Reached XP level 5. HP: 29/29 MP: 8/13
  3467 | D:4      | Reached XP level 6. HP: 29/34 MP: 2/15
  3682 | D:4      | Reached skill level 5 in Spellcasting
  4369 | D:5      | Entered Level 5 of the Dungeon
  4436 | D:5      | Reached skill level 5 in Fire Magic
  4593 | D:5      | Noticed Prince Ribbit
  4594 | D:5      | Noticed Eustachio
  4761 | D:5      | Found a staircase to the Ecumenical Temple.
  5112 | Temple   | Entered the Ecumenical Temple
  5170 | D:5      | Found a hazy altar of Hepliaklqana.
  5175 | D:5      | Reached XP level 7. HP: 38/38 MP: 14/17
  5431 | D:5      | Killed Prince Ribbit
  5432 | D:5      | Reached skill level 6 in Spellcasting
  5433 | D:5      | Killed Eustachio
  5434 | D:5      | Reached skill level 5 in Ranged Weapons
  5434 | D:5      | Reached skill level 5 in Conjurations
  5664 | D:5      | Reached XP level 8. HP: 40/43 MP: 12/20
  5729 | D:5      | Found Pafi's Antique Weapon Shoppe.
  5797 | D:5      | Found a glowing silver altar of Zin.
  6019 | D:5      | Found a large runed translucent door.
  6019 | D:5      | Found a large runed translucent door.
  6028 | D:5      | Reached skill level 7 in Spellcasting
  6050 | D:5      | Noticed a troll
  6124 | D:5      | Found a large runed translucent door.
  6124 | D:5      | Found a large runed translucent door.
  6418 | D:5      | Found a radiant altar of Vehumet.
  6661 | D:5      | Became a worshipper of Vehumet
  6883 | D:6      | Reached skill level 1 in Evocations
  6886 | D:6      | Reached skill level 8 in Spellcasting
  7349 | D:6      | Reached XP level 9. HP: 37/48 MP: 20/23
  8344 | D:7      | Found an opulent altar of Gozag.
  8365 | D:7      | Found a flagged portal.
  8373 | Bailey   | Entered a bailey
  8539 | Bailey   | Shot with a bolt by an orc warrior

Illustrated notes

Levels and vault maps discovered:
D:1:      roderic_crossed_star, layout_basic, ebering_ecumenical_altar_box,
          serial_shops, shop_statue
D:2:      layout_basic, serial_shops, nicolae_shop_window_shopping,
          minmay_misc_feat_roman
D:3:      layout_basic
D:4:      layout_basic, corexii_shack
D:5:      layout_rooms, nicolae_hepliaklqana_monster_ancestors,
          mainiacjoe_overflow_surrounded_room, kennysheep_little_box,
          minmay_temple_entry_statues, serial_shops, nicolae_shop_crystal,
          kennysheep_small_spiral, kennysheep_cross_bottleneck,
          minmay_hollow_rounded_squares, uniq_eustachio, uniq_prince_ribbit1
D:6:      layout_layer_cave
D:7:      layout_loops_corners, mainiacjoe_overflow_brackets, serial_shops,
          nicolae_shop_dealshenge, enter_bailey_2, chequers_arboretum,
          hex_medium, uniq_crazy_yiuf_cottage
Temple:   nicolae_temple_superstar
Bailey:   bailey_polearm_2, bailey

Skill      XL: |  1  2  3  4  5  6  7  8  9 |
---------------+----------------------------+-----
Fighting       | 1 2 |  2.5
Conjurations   | 2 3 4 5 6 |  6.9
Ranged Weapons | 1 2 3 4 5 6 |  6.8
Fire Magic     | 4 5 6 7 |  7.6
Spellcasting   | 4 5 6 8 |  8.7
Evocations     | 1 3 |  3.0
Dodging        | |  2.4
Stealth        | |  2.4

Action                     |  1- 3 |  4- 6 |  7- 9 || total
---------------------------+-------+-------+-------++-------
   Fire: Sling             |    43 |    84 |    25 ||   152
         Orcbow            |       |       |    50 ||    50
   Cast: Foxfire           |    34 |     7 |    11 ||    52
         Scorch            |    12 |    44 |    36 ||    92
         Flame Wave        |       |     3 |    19 ||    22
  Evoke: Phantom mirror    |       |       |     1 ||     1
    Use: Scroll            |       |    10 |     3 ||    13
         Potion            |       |     3 |     3 ||     6
 Armour: Robe              |    14 |    30 |    55 ||    99
  Dodge: Dodged            |    18 |    34 |    64 ||   116

Table legend: (Time is in decaauts)
 A = Elapsed time spent in this place.
 B = Non-inter-level travel time spent in this place.
 C = Inter-level travel time spent in this place.
 D = Time resting spent in this place.
 E = Time spent auto-exploring this place.
 F = Levels seen in this place.
 G = Mean time per level.
                   A        B        C        D        E       F      G
               +--------+--------+--------+--------+--------+-----+--------+
         Total |   8594 |   8378 |    216 |   2153 |   5132 |   9 |  954.9 |
       Dungeon |   8426 |   8210 |    216 |   2073 |   5102 |   7 | 1203.7 |
        Temple |      1 |      1 |      0 |      0 |      0 |   1 |    1.0 |
        Bailey |    166 |    166 |      0 |     80 |     30 |   1 |  166.0 |
               +--------+--------+--------+--------+--------+-----+--------+

Top non-repeatable levels by time:
     D:5: 1925 daAuts
     D:6: 1609 daAuts
     D:4: 1390 daAuts
     D:2: 1236 daAuts
     D:1: 1107 daAuts
     D:3: 1058 daAuts
  Bailey: 166 daAuts
     D:7: 99 daAuts
  Temple: 1 daAuts
